Cogmind - Beta 17.1 @@@ ROGUE MODE // 2026.08.31 @ 22:43:37 Player: Godsword Result: Self-destructed Performance ------------- Evolutions (2) 1000 Regions Visited (4) 800 Robots Destroyed (13) 65 Value Destroyed (288) 288 Prototype IDs (2) 40 Alien Tech Used (0) 0 Bonus (-410) -410 TOTAL SCORE: 1783 Bonus ------- Friendly Fire -410 Cogmind --------- Core Integrity 413/550 Matter 83/300 Energy 100/100 System Corruption 0% Temperature Cool (0) Movement Flying (37) Location -8/Materials Parts ------- > --- POWER (1) -------- (None) > --- PROPULSION (5) --- Flight Unit Improved Flight Unit > --- UTILITY (3) ------ Target Analyzer Target Analyzer Target Analyzer > --- WEAPON (2) ------- Light Assault Rifle Autogun > --- INVENTORY (5) ---- Light Assault Rifle Peak State ------------ > --- POWER ------------ Light Ion Engine > --- PROPULSION ------- Flight Unit Flight Unit Flight Unit Flight Unit Improved Flight Unit > --- UTILITY ---------- Target Analyzer Medium Armor Plating Hardened Light Armor Plating > --- WEAPON ----------- Light Assault Rifle Autogun > --- INVENTORY -------- Flight Unit Flight Unit Target Analyzer Target Analyzer Light Assault Rifle [Rating: 18] Favorites ----------- Power Light Ion Engine Engine Light Ion Engine Propulsion Flight Unit Flight Unit Flight Unit Utility Transport Network Coupler Processor Transport Network Coupler Protection Hardened Light Armor Plating Weapon Light Assault Rifle Ballistic Gun Light Assault Rifle Build | -11 -10 -10 -9 -8 ------- Run | Yrd Mat Min Mat Mat Slots Evolved 4 | . . . 2 2 Power . | . . . . . Propulsion 3 | . . . 1 2 Utility 1 | . . . 1 . Weapon . | . . . . . Parts Attached 24 | 1 3 8 4 8 Power 2 | . 1 1 . . Engine 2 | . 1 1 . . Core . | . . . . . Reactor . | . . . . . Propulsion 7 | . . 2 2 3 Treads . | . . . . . Leg . | . . . . . Wheel . | . . . . . Hover . | . . . . . Flight 7 | . . 2 2 3 Utility 9 | . 2 1 2 4 Device . | . . . . . Storage . | . . . . . Processor 4 | . 1 . . 3 Hackware . | . . . . . Protection 5 | . 1 1 2 1 Artifact . | . . . . . Weapon 6 | 1 . 4 . 1 Energy Gun . | . . . . . Energy Cannon . | . . . . . Ballistic Gun 6 | 1 . 4 . 1 Ballistic Cannon . | . . . . . Launcher . | . . . . . Special Weapon . | . . . . . Impact Weapon . | . . . . . Slashing Weapon . | . . . . . Piercing Weapon . | . . . . . Special Melee Weapon . | . . . . . Unidentified Prototypes 2 | . . . 2 . Parts Lost 10 | . 1 . 1 8 Power 2 | . . . 1 1 Propulsion 5 | . . . . 5 Utility 2 | . . . . 2 Weapon 1 | . 1 . . . Highest Loss Streak 8 | . 1 . 1 8 To Critical Strikes . | . . . . . Average Backups 3 | . 1 4 4 4 Power . | . . . . . Propulsion 1 | . . 1 3 1 Utility 1 | . . 2 . 1 Weapon . | . . . . . Tool/Special . | . . . . . Unused Backups 8 | . . 2 4 2 Power . | . . . . . Propulsion . | . . . . . Utility 4 | . . 2 1 1 Weapon 4 | . . . 3 1 Tool/Special . | . . . . . Average Slot Usage (%) 76 | . 22 83 99 87 Engine 8 | . 3 14 11 7 Flight 25 | . . 14 33 37 Processor 10 | . 5 14 11 11 Protection 13 | . 5 14 21 13 Ballistic Gun 18 | . 8 26 22 18 Peak Build Rating 18 | 1 3 9 12 18 Average Rating 10 | . 1 7 11 15 On Entrance 4 | . 1 3 7 12 Avg Prop Armor Cover (%) 1 | . . . . 1 Naked Turns . | . . . . . Heaviest Build 19 | 1 2 8 11 19 Greatest Support 20 | 3 3 8 13 20 Greatest Overweight (x) 2 | . . 2 . . Average Overweight (x) . | . . . . . Largest Inventory Capacity 5 | 5 5 5 5 5 Average Capacity 5 | 5 5 5 5 5 Most Carried 5 | . 5 5 5 5 Average Carried 3 | . 1 3 4 4 Final Capacity 5 | 5 5 5 5 5 Final Carried 5 | . 5 5 5 1 Class Distribution -------------------- 35% | Mutant 33% | Scavenger-Mutant 31% | Scavenger-Sprinter Dominant Class ---------------- Mutant | -10/Materials Mutant | -10/Mines Scavenger-Mutant | -9/Materials Scavenger-Sprinter | -8/Materials Resources | -11 -10 -10 -9 -8 ----------- Run | Yrd Mat Min Mat Mat Matter Collected 449 | 210 44 34 . 161 Remotely . | . . . . . Salvage Created 476 | . 165 49 . 262 Parts 28 | . 4 10 . 14 Haulers Intercepted 1 | . 1 . . . Recyclers Shooed 2 | . . . . 2 Parts Field Recycled . | . . . . . Retrieved Matter . | . . . . . Parts Self-Destructed . | . . . . . Prevented . | . . . . . Parts Restored . | . . . . . Kills | -11 -10 -10 -9 -8 ------- Run | Yrd Mat Min Mat Mat Combat Hostiles Destroyed 7 | . 1 3 . 3 Guns 6 | . . 3 . 3 AOE 1 | . 1 . . . Classes Destroyed 8 | . 5 1 . 2 Tunneler 1 | . . . . 1 Hauler 1 | . 1 . . . Recycler 2 | . 1 . . 1 Watcher 1 | . 1 . . . Swarmer 3 | . . 3 . . Grunt 2 | . 1 . . 1 Hunter 2 | . . . . 2 Federalist 1 | . 1 . . . Best Kill Streak 4 | . 4 3 . 3 Combat Bots Only 3 | . 1 3 . 1 Max Kills in Single Turn 4 | . 4 1 . 1 Gunslinging . | . . . . . Exploded 1 | . 1 . . . Melee . | . . . . . Uniques/NPCs Destroyed . | . . . . . Combat | -11 -10 -10 -9 -8 -------- Run | Yrd Mat Min Mat Mat Hostile Shots Fired 120 | . 14 22 13 71 Missed 52 | . 7 8 5 32 Hits 68 | . 7 14 8 39 Projectile 68 | . 7 14 8 39 Damage Taken 1002 | . 165 115 109 613 Core 270 | . 85 48 . 137 Absorbed by Shields . | . . . . . Core Remaining (%) 82 | 100 . 46 100 . Volleys Fired 57 | . 14 7 . 36 Largest 2 | . 1 2 . 2 Hottest 46 | . 20 46 . 43 Shots Fired 100 | . 14 14 . 72 Gun 100 | . 14 14 . 72 Cannon . | . . . . . Launcher . | . . . . . Special . | . . . . . Kinetic 100 | . 14 14 . 72 Thermal . | . . . . . Explosive . | . . . . . Electromagnetic . | . . . . . Robot Hit Streak 7 | . 4 2 . 7 Robot Miss Streak 5 | . 3 3 . 5 Penetration Max . | . . . . . Secondary Targets . | . . . . . Shots Hit Robots 64 | . 8 7 . 49 Core Hits 17 | . 2 3 . 12 Critical Kills 3 | . . . . 3 Critical Parts Destroyed 2 | . . . . 2 Critical Strikes 5 | . . . . 5 Destroy 5 | . . . . 5 Melee Attacks . | . . . . . Impact . | . . . . . Slashing . | . . . . . Piercing . | . . . . . Sneak Attacks . | . . . . . Combat Hostiles . | . . . . . Follow-up Attacks . | . . . . . Damage Inflicted 1259 | . 696 101 . 462 Guns 629 | . 66 101 . 462 Cannons . | . . . . . Explosions 630 | . 630 . . . Melee . | . . . . . Ramming . | . . . . . Kinetic 629 | . 66 101 . 462 Thermal 630 | . 630 . . . Explosive . | . . . . . Electromagnetic . | . . . . . Impact . | . . . . . Slashing . | . . . . . Piercing . | . . . . . Highest Corruption . | . . . . . Average Corruption . | . . . . . Corruption Purged . | . . . . . Corruption Blocked . | . . . . . Overload Shots . | . . . . . Overflow Damage 267 | . 267 . . . Projectiles . | . . . . . Explosions 267 | . 267 . . . Melee . | . . . . . Knockbacks . | . . . . . Impact . | . . . . . Kinetic . | . . . . . Secondary . | . . . . . Self-Inflicted Damage 81 | . 81 . . . Shots 1 | . 1 . . . Rammed . | . . . . . Targets Rammed . | . . . . . Kicked . | . . . . . Crushed . | . . . . . Highest Temperature 46 | . 1 9 5 46 Average Temperature 18 | . 1 6 3 20 Received Heat Transfer 144 | . 45 . 36 63 Siege Activations . | . . . . . Martial Activations . | . . . . . Shielding Activations . | . . . . . Robots Disrupted . | . . . . . Combat Hostiles . | . . . . . Robots Corrupted . | . . . . . Combat Hostiles . | . . . . . Parts Fried . | . . . . . Impact Corruptions . | . . . . . Robots Melted . | . . . . . Combat Hostiles . | . . . . . Parts Melted . | . . . . . Heat Transferred 450 | . 450 . . . Parts Sabotaged . | . . . . . Parts Stolen . | . . . . . Parts Stripped . | . . . . . Power Chain Reactions . | . . . . . Alert | -11 -10 -10 -9 -8 ------- Run | Yrd Mat Min Mat Mat Maximum Alert Level . | . . . . . Low Security (%) 100 | 100 100 100 100 100 Level 1 . | . . . . . Level 2 . | . . . . . Level 3 . | . . . . . Level 4 . | . . . . . Level 5 . | . . . . . High Security . | . . . . . Max Security . | . . . . . Peak Influence 113 | . 113 99 75 68 Initial 39 | . . 39 30 31 Average 38 | . 40 82 27 33 Influence Increases 500 | . 133 70 105 192 Destroy 0b10 Robot/C 140 | . 20 60 . 60 Destroy 0b10 Robot/NC 25 | . 15 . . 10 Destroy Leader 44 | . 4 10 . 30 Successful Hack 2 | . . . . 2 Disable Machine 45 | . 45 . . . Destroy Structure 49 | . 49 . . . Partial Spotted 30 | . . . 30 . Lose Combat Pursuer 165 | . . . 75 90 Influence Decreases 467 | . 30 94 109 234 Entered New Map 157 | . . 64 49 44 Time Decay 210 | . 20 30 50 110 Lost Part 100 | . 10 . 10 80 Squads Dispatched 4 | . 1 . 2 1 Investigation 2 | . . . 1 1 Extermination . | . . . . . Reinforcement 2 | . 1 . 1 . Assault . | . . . . . Garrison . | . . . . . Intercept . | . . . . . Searches Triggered . | . . . . . Construction Impeded . | . . . . . Haulers Reinforced . | . . . . . Active Scanning Responses . | . . . . . Cargo Convoy Interrupts . | . . . . . Stealth | -11 -10 -10 -9 -8 --------- Run | Yrd Mat Min Mat Mat Distress Signals 4 | . 3 . . 1 Communications Jammed . | . . . . . Distress Signals . | . . . . . Times Spotted 43 | . 11 3 15 14 Peak Tracking Total 10 | . 6 3 10 9 Tactical Retreats 5 | . . . 2 3 Traps | -11 -10 -10 -9 -8 ------- Run | Yrd Mat Min Mat Mat Traps Triggered 1 | . . . . 1 Indirectly . | . . . . . Trap Hack Attempts . | . . . . . Triggered . | . . . . . Disarmed . | . . . . . Reprogrammed . | . . . . . Reused . | . . . . . Traps Extracted . | . . . . . Installed . | . . . . . Triggered . | . . . . . Machines | -11 -10 -10 -9 -8 ---------- Run | Yrd Mat Min Mat Mat Machines Disabled 3 | . 3 . . . Max in Single Turn 3 | . 3 . . . Machines Repaired . | . . . . . Machines Dismantled . | . . . . . Machines Sabotaged . | . . . . . Overloaded Fab Kills . | . . . . . Hacking | -11 -10 -10 -9 -8 --------- Run | Yrd Mat Min Mat Mat Machines Accessed 5 | . . . 2 3 Terminals 1 | . . . . 1 Fabricators . | . . . . . Repair Stations . | . . . . . Recycling Units 3 | . . . 2 1 Scanalyzers 1 | . . . . 1 Garrison Access . | . . . . . Total Hacks 12 | . . . 4 8 Successful 5 | . . . 2 3 Failed 7 | . . . 2 5 Catastrophic 1 | . . . 1 . Database Lockouts . | . . . . . Manual . | . . . . . Terminals 4 | . . . . 4 Fabricators . | . . . . . Repair Stations . | . . . . . Recycling Units 6 | . . . 4 2 Scanalyzers 2 | . . . . 2 Garrison Access . | . . . . . Terminal Hacks . | . . . . . Fabricator Hacks . | . . . . . Repair Station Hacks . | . . . . . Recycling Unit Hacks 3 | . . . 2 1 Retrieve Components 3 | . . . 2 1 Scanalyzer 2 | . . . . 2 Retrieve Study 2 | . . . . 2 Garrison Access Hacks . | . . . . . Unauthorized Hacks . | . . . . . Terminals . | . . . . . Fabricators . | . . . . . Repair Stations . | . . . . . Recycling Units . | . . . . . Scanalyzers . | . . . . . Garrison Access . | . . . . . Data Cores Recovered . | . . . . . Used . | . . . . . Hacking Detections 5 | . . . 2 3 Full Trace Events 1 | . . . 1 . Feedback Events . | . . . . . Feedback Blocked . | . . . . . Robot Schematics Acquired . | . . . . . Robots Built . | . . . . . Authchips . | . . . . . Time . | . . . . . Total Robot Build Rating . | . . . . . Part Schematics Acquired . | . . . . . Parts Built . | . . . . . Authchips . | . . . . . Time . | . . . . . Total Part Build Rating . | . . . . . Part Studies Acquired 2 | . . . . 2 Parts Repaired . | . . . . . Time . | . . . . . Parts Recycled . | . . . . . Recycled Matter . | . . . . . Retrieved Matter . | . . . . . Retrieved Components 6 | . . . 4 2 Parts Scanalyzed . | . . . . . Part Schematics Acquired . | . . . . . Parts Damaged . | . . . . . Bothacking | -11 -10 -10 -9 -8 ------------ Run | Yrd Mat Min Mat Mat Used RIF Installer . | . . . . . Robots Hacked . | . . . . . Non-combat . | . . . . . Combat . | . . . . . Robot Hacks Applied . | . . . . . Relay Couplers Released . | . . . . . Fabnet Peak Effective % . | . . . . . Robots Rewired . | . . . . . Allies Hacked . | . . . . . Hacks Repelled . | . . . . . Allies | -11 -10 -10 -9 -8 -------- Run | Yrd Mat Min Mat Mat Total Allies . | . . . . . Largest Group . | . . . . . Highest-Rated Group . | . . . . . Highest-Rated Ally . | . . . . . Total Orders . | . . . . . Ally Attacks . | . . . . . Total Damage . | . . . . . Kills . | . . . . . Allies Corrupted . | . . . . . Allies Melted . | . . . . . Intel | -11 -10 -10 -9 -8 ------- Run | Yrd Mat Min Mat Mat Active Infowar (turns) 300 | . 39 65 116 80 T.N.C. 300 | . 39 65 116 80 Robot Analysis Total . | . . . . . Derelict Logs Recovered 1 | . . 1 . . Drone Launches . | . . . . . Drone Recoveries . | . . . . . Exploration | -11 -10 -10 -9 -8 ------------- Run | Yrd Mat Min Mat Mat Turns Passed 524 | 16 94 65 116 233 Spaces Moved 655 | 28 115 56 228 228 Core 145 | 28 115 2 . . Treads . | . . . . . Legs . | . . . . . Wheels . | . . . . . Hover . | . . . . . Flight 510 | . . 54 228 228 Fastest Speed 31 | 50 50 37 34 31 Average Speed 37 | 50 50 42 34 31 Slowest Speed 150 | 50 50 150 34 40 Overloaded Moves . | . . . . . Propulsion Burnouts . | . . . . . Robots Hopped 8 | . . 1 2 5 Potential Cave-ins . | . . . . . Cave-ins Triggered . | . . . . . Exploration Rate (%) 20 | 3 31 11 31 28 Regions Visited 4 Branch Regions 1 Pre-discovered Areas . | . . . . . Known Exits Taken . | . . . . . Unknown Exits Taken 4 | 1 1 1 1 . Scrap Searched . | . . . . . Spaces Dug . | . . . . . Terrain Destroyed 52 | . 52 . . . Melee . | . . . . . Projectile . | . . . . . AOE 52 | . 52 . . . Terrain Rammed . | . . . . . Walls Destroyed . | . . . . . Machines Disabled . | . . . . . Actions | -11 -10 -10 -9 -8 --------- Run | Yrd Mat Min Mat Mat Total 839 | 28 138 82 264 327 Wait 72 | . . . 22 50 Move 635 | 27 114 53 223 218 Hop 8 | . . 1 2 5 Pick Up 23 | . 6 6 6 5 Fast Attach 9 | 1 3 3 1 1 Attach 10 | . . 2 2 6 Detach . | . . . . . Swap 8 | . . 3 3 2 Drop 17 | . 1 7 5 4 Fire 57 | . 14 7 . 36 Melee . | . . . . . Ram . | . . . . . Kick . | . . . . . Crush . | . . . . . Escape Stasis . | . . . . . Rewire . | . . . . . Trap . | . . . . . Miscellaneous . | . . . . . Route ------- -11/Scrapyard -10/Materials -10/Mines -9/Materials -8/Materials History --------- Turn | Location | Event 7 | -11/Scrapyard | Discovered new exit (range 14) 17 | -11/Scrapyard | Entered Materials 18 | -10/Materials | Met a group of wandering Federalists 92 | -10/Materials | Discovered new exit (range 11) 111 | -10/Materials | Entered Mines 125 | -10/Mines | Core integrity fell below 50% 169 | -10/Mines | Learned Materials emergency access door positions 173 | -10/Mines | Discovered new exit (range 5) 176 | -10/Mines | Entered Materials 176 | -9/Materials | Evolved 2 slots: Propulsion x1, Utility x1 289 | -9/Materials | Discovered new exit (range 10) 292 | -9/Materials | Entered another Materials area 292 | -8/Materials | Evolved 2 slots: Propulsion x2 525 | -8/Materials | Self-destructed Last Messages --------------- 00476_ Flight Unit+ destroyed. 00479_ Slug penetrates Wall. 00482_ Penetrated by Slug. 00484_ H-55 Commando suffers critical hit (Destroy). 00484_ Destroyed Carbon-fiber Leg. 00488_ Penetrated by Slug. 00489_ H-55 Commando destroyed. 00492_ Acquired 135 matter. 00498_ T-07 Excavator suffers critical hit (Destroy). 00498_ T-07 Excavator destroyed. 00499_ Acquired 26 matter. 00503_ Flight Unit+ destroyed. 00512_ G-47 Trooper suffers critical hit (Destroy). 00512_ Destroyed Aluminum Leg. 00513_ Flight Unit+ destroyed. 00514_ G-47 Trooper destroyed. 00518_ R-06 Scavenger collects Aluminum Leg. Map ----- +----------------------------------------------------+ | ?????????????????????????????????????????????????? | | ?????????????????????????????????????????????????? | | ?????????????????????????????????????????????????? | | ?????????????????????????????????????????????????? | | ?????????????????????????????????????????????????? | | ?????????????????????????????????????????????????? | | ?????????????????????????????????????????????????? | | ?????????????????????????????????????????????????? | | ?????????????????????????????????????????????????? | | ?????????????????????????????????????????????????? | | ?????????????????????????????????????????????????? | | ?????????????????????????????????????????????????? | | ?????????????????????????????????????????????????? | | ?????????????????????????????????????????????????? | | ?????????????????????????????????????????????????? | | ?????????????????????????????????????????????????? | | ?????????????????????????????????????????????????? | | ?????????????????????????????????????????????????? | | ?????????????????????????????????????????????????? | | ?????????????????????????????????????????????????? | | ????????????????????????########?????????????????? | | ????????????????????????# ^ #?????????????????? | | ????????????????????????# #?????????????????? | | ####????????????????????# ^ #?????????????????? | | ######################==^ #?????????????????? | | r gg[[[%*!]=@!!^ #?????????????????? | | ####################*|!! #?????????????????? | | # #??????????????????#############????????????? | | # #????????????????????# #????????????? | | # #??????????###???????#! = #????????????? | | # #??????????# #??????# """ #????????????? | | # #?????????### ###????# """"" ]#????????????? | | # #?????????# #????# """"" #????????????? | | + #????????## ###### """"" |#????????????? | | # ####????????+ / """ #????????????? | | # #???????????##= ###### "%" #????????????? | | # #?######?????# #?#########/##### #???????? | | # ## #?????### ###?# #???????? | | # ## #???????# #???# +???????? | | # ## #???????# #???# #???????? | | # ## "" #???????# #???# #######/### #???????? | | # ## "Y #???????# #???# #?????? ?? #???????? | | # ## "" #???????# #???# #??????"" #?? #???????? | | # #?? ###+###?# #???# ##??????" #???????????? | | # #####+## #?# #???# +?????? #???????????? | | " ### ##### ##?????? #???????????? | | T #?????????????????????? | | ### ######/###????????????????????? | | ####### #?# #??? !????????????????????? | | #?????#######?# #? ! ????????????????????? | +----------------------------------------------------+ Best States ------------- Heat Dissipation 31 Energy Generation 11 Energy Capacity 125 Matter Stores 300 Matter Capacity 300 Sight Range 16 Terrain Scan Density 10 Armor Coverage 375 Evasion (%) 63 Target Analysis 7 Item Schematics ----------------- None Robot Schematics ------------------ None Fabricated ------------ Nothing Repaired ---------- Nothing Studied --------- Flight Unit | -8/Materials | Hacked Lgt. Ion Engine | -8/Materials | Hacked Alien Tech Used ----------------- None Achievements -------------- None Challenges ------------ None Game ------ Seed ThermalTransportBiocell Manual? 0 Play Time 00:12:53 Cumulative 43.6 hours Start 2026.08.31 @ 22:31:30 End 2026.08.31 @ 22:43:37 Sessions 1 Manual Loads 0 Difficulty Rogue Special Mode None Game No. 112 Rogue 112 Adventurer 0 Explorer 0 Win Type - Total 3 Types 3/0/0/0/0/0/0/0/0/0 Lore% 43 Gallery% 37 Achievement% 41 Wizard Run 0 Options --------- Layout 2 ASCII 0 Keyboard 0 Movement Mouse Keybinds 0 Fullscreen 1 Font 16/SmallcapsGlow Map View 50x49 Zoom Use 0% Tactical HUD 1 Map Filters NONE Filters NONE Steam SD RUN: 99aa7a59-73e1-4638-a4a5-086c0b48d316